 Dungeon Crawl Stone Soup version 0.29.1-12-g30fa7ad0bf (webtiles) character file.

Game seed: 14537784891326885328

602 wingedge the Ogre Mage (level 7, -15/72 HPs)
             Began as an Ogre Fire Elementalist on Jan 3, 2023.
             Was an Initiate of Kikubaaqudgha.
             Demolished by an ogre
             ... wielding a +0 giant spiked club
              (16 damage)
             ... on level 5 of the Dungeon.
             The game lasted 00:12:06 (5480 turns).

wingedge the Ogre Mage (Ogre Fire Elementalist)     Turns: 5480, Time: 00:12:06

Health: -15/72     AC:  3    Str: 13    XL:     7   Next: 41%
Magic:  9/16       EV: 10    Int: 18    God:    Kikubaaqudgha [......]
Gold:   223        SH:  0    Dex:  9    Spells: 12/19 levels left

rFire   + . .      SeeInvis +   a - staff of fire
rCold   . . .      Faith    .   (no shield)
rNeg    . . .      Spirit   .   k - +0 robe
rPois   .          Reflect  .   (helmet restricted)
rElec   .          Harm     .   o - scarf {+Inv}
rCorr   .          Rampage  .   (gloves unavailable)
Will    .....                   (boots unavailable)
Stlth   ++........              (no amulet)
HPRegen 0.22/turn               m - ring of see invisible
MPRegen 0.15/turn               (no ring)

@: lethally poisoned (-15 -> -16), very slightly contaminated, hasted, very
quick
A: large, unfitting armour, tough skin 1
a: Renounce Religion, Evoke Invisibility


You were on level 5 of the Dungeon.
You worshipped Kikubaaqudgha.
Kikubaaqudgha was noncommittal.
You visited 1 branch of the dungeon, and saw 5 of its levels.

You collected 223 gold pieces.

Inventory:

Hand Weapons
 b - a +0 dagger of venom
 A - a +4 falchion
Armour
 k - a +0 robe (worn)
 o - a scarf of invisibility (worn)
Magical Staves
 a - a staff of fire (weapon)
Jewellery
 m - a ring of see invisible (left hand)
Scrolls
 c - a scroll of immolation {unknown}
 d - 2 scrolls of enchant armour
 g - a scroll of blinking {unknown}
 h - 4 scrolls of identify
 j - 2 scrolls of vulnerability {unknown}
 n - 2 scrolls of fog {unknown}
 p - 2 scrolls of noise {unknown}
 t - a scroll of brand weapon {unknown}
 v - a scroll of enchant weapon {unknown}
 w - a scroll of teleportation {unknown}
 x - a scroll of silence {unknown}
 y - a scroll of amnesia {unknown}
 B - a scroll of acquirement {unknown}
Potions
 e - a potion of flight {unknown}
 f - 4 potions of heal wounds {unknown}
 i - a potion of magic
 l - 3 potions of haste
 q - a potion of cancellation {unknown}
 r - a potion of lignification {unknown}
 s - a potion of mutation {unknown}
 u - a potion of experience {unknown}
 z - a potion of resistance {unknown}


   Skills:
 - Level 5.0 Fighting
 - Level 2.0 Dodging
 - Level 2.0 Stealth
 + Level 6.6 Spellcasting
 + Level 2.2 Conjurations
 - Level 3.0 Fire Magic


You had 12 spell levels left.
You knew the following spells:

 Your Spells              Type           Power      Damage    Failure   Level
a - Foxfire               Conj/Fire      92%        2x1d8     3%          1
b - Scorch                Fire           50%        2d7       4%          2
c - Flame Wave            Conj/Fire      23%        2d8       36%         4

Your spell library contained the following spells:

 Spells                   Type           Power      Damage    Failure   Level
 Conjure Flame            Conj/Fire      23%        6-21      12%         3
 Inner Flame              Hex/Fire       17%        N/A       19%         3
 Cause Fear               Hex            2%         N/A       75%         4
 Corpse Rot               Necr/Pois/Air  5%         N/A       75%         4
 Dispel Undead            Necr           5%         3d7       75%         4
 Death Channel            Necr           2%         N/A       100%        6
 Dragon Form              Tmut           2%         N/A       100%        7
 Dragon's Call            Summ           2%         N/A       100%        9


Dungeon Overview and Level Annotations

Branches:
Dungeon (5/15)
 Temple: D:4-7

Altars:
Kikubaaqudgha
Okawaru

Shops:
D:2 *

Annotations:
D:5 1 transporter


Innate Abilities, Weirdness & Mutations

You are too large for most types of armour.
You have tough skin. (AC +1)


Message History

The adder is severely wounded.
The flame wave engulfs the ogre!
The ogre is burned terribly!
The ogre is heavily wounded.
The flame wave engulfs the orc priest!
The orc priest is burned terribly!
You kill the orc priest!
Kikubaaqudgha accepts your kill. (Press . to intensify the flame waves.)
You hear an angry hiss.
The adder barely misses you. Magic courses through your body.
The adder bites you.
You are poisoned.
The adder poisons you! The ogre barely misses you. The adder barely misses you.
Casting: Flame Wave (quite dangerous; 36% risk of failure)
Confirm with . or Enter, or press ? or * to list all spells.
The spell is quite dangerous to miscast (36% risk of failure)!
Continue anyway?
Casting: Flame Wave (quite dangerous; 36% risk of failure)
Press: ? - help, Dir - look around, f - activate You feel a surge of power!
You miscast Flame Wave.
You are very lightly contaminated with residual magic.
Nothing appears to happen.
You feel sick.
The ogre is no longer more vulnerable to fire.
The adder barely misses you.
The ogre hits you with a +0 giant spiked club!
* * * LOW HITPOINT WARNING * * *
Casting: Flame Wave (quite dangerous; 36% risk of failure)
Confirm with . or Enter, or press ? or * to list all spells.
The spell is quite dangerous to miscast (36% risk of failure)!
Continue anyway?
Casting: Flame Wave (quite dangerous; 36% risk of failure)
Press: ? - help, Dir - look around, f - activate You feel a surge of power!
You miscast Flame Wave.
The air around you crackles with energy!
* * * LOW HITPOINT WARNING * * *
x2 You feel sick.
The adder bites you but does no damage.
Unknown command.
It was a potion of haste.
You feel yourself speed up.
* * * LOW HITPOINT WARNING * * *
You feel sick. The adder closely misses you.
The ogre hits you with a +0 giant spiked club!
You die...
Kikubaaqudgha rasps: "You have failed me!
Welcome... death!"

#.©#.≈≈.......#.........
.##.≈≈..###.#######....
# #..≈≈...#...#### #...
.#©.~~..###...#.####
.#..≈≈..##.........#
#.≈≈. #.....#.#.....
#.≈≈ #.....#### ..#
##......#.#...#
#......@S.....#
##.....O).....#
#.....)[.....#
.......?.......
..###..........# ..
#...........
#...........
#...........
#.#........#


You could see an ogre and an adder.

Vanquished Creatures
  Duvessa (D:4)
  A scorpion (D:4)
  3 wights (D:4)
  Dowan (D:4)
  2 orc priests
  2 iguanas (D:4)
  An orc wizard (D:5)
  3 adders
  A dart slug (D:5)
  4 orcs
  11 ball pythons
  6 endoplasms
  3 giant cockroaches
  8 goblins
  5 hobgoblins
  11 kobolds
  4 quokkas
  4 bats
  A frilled lizard (D:2)
  4 rats
76 creatures vanquished.

Vanquished Creatures (others)
  127 foxfires
127 creatures vanquished.

Grand Total: 203 creatures vanquished

Notes
Turn   | Place    | Note
-------+----------+-------------------------------------------
     0 | D:1      | wingedge the Ogre Fire Elementalist began the quest for the
                  | Orb.
     0 | D:1      | Reached XP level 1. HP: 16/16 MP: 3/3
   125 | D:1      | Found a faded altar of an unknown god.
   201 | D:1      | Reached skill level 1 in Conjurations
   367 | D:1      | Reached skill level 1 in Fighting
   367 | D:1      | Reached XP level 2. HP: 27/27 MP: 0/5
  1163 | D:1      | Reached XP level 3. HP: 25/36 MP: 3/6
  1634 | D:2      | Found an iron altar of Okawaru.
  1649 | D:2      | Learned a level 2 spell: Scorch
  1689 | D:2      | Found Qanovu's Assorted Antiques.
  2686 | D:3      | Reached XP level 4. HP: 48/48 MP: 2/8
  2994 | D:3      | Reached skill level 3 in Spellcasting
  3005 | D:3      | HP: 2/48 [poisoned by an adder]
  3781 | D:4      | Reached XP level 5. HP: 41/54 MP: 5/9
  4072 | D:4      | Found an ancient bone altar of Kikubaaqudgha.
  4080 | D:4      | Became a worshipper of Kikubaaqudgha
  4239 | D:4      | Reached skill level 4 in Spellcasting
  4399 | D:4      | Reached skill level 5 in Spellcasting
  4399 | D:4      | Reached XP level 6. HP: 41/62 MP: 3/13
  4935 | D:4      | Noticed Duvessa
  4938 | D:4      | Noticed Dowan
  4944 | D:4      | Killed Dowan
  4948 | D:4      | Killed Duvessa
  4949 | D:4      | Reached skill level 6 in Spellcasting
  4949 | D:4      | Reached XP level 7. HP: 19/71 MP: 8/16
  5089 | D:4      | Reached skill level 5 in Fighting
  5413 | D:5      | Entered Level 5 of the Dungeon
  5433 | D:5      | Found a transporter.
  5453 | D:5      | Learned a level 4 spell: Flame Wave
  5479 | D:5      | HP: 3/72 [something (10)]
  5480 | D:5      | HP: 1/72 [poisoned by an adder]
  5480 | D:5      | Demolished by an ogre

Illustrated notes

Levels and vault maps discovered:
D:1:      dpeg_arrival_fog, layout_loops_corners, ebering_ecumenical_altar_rust,
          minmay_misc_feat_square
D:2:      layout_basic, basic_altar, serial_shops, shop
D:3:      layout_rooms, amcnicky_mini_corridor_feature, chequers_jeans
D:4:      layout_basic, kiku_gazebo_pond_becter, uniq_duvessa
D:5:      layout_cave_pools, gammafunk_ghost_gnarly_gnolls

Skill      XL: |  1  2  3  4  5  6  7 |
---------------+----------------------+-----
Fire Magic     | 3 |  3.0
Conjurations   | 1 2 |  2.2
Fighting       | 1 2 3 4 5 |  5.0
Spellcasting   | 3 5 6 |  6.6
Dodging        | 2 |  2.0
Stealth        | 2 |  2.0

Action                   |  1- 3 |  4- 6 |  7- 9 || total
-------------------------+-------+-------+-------++-------
Melee: Unarmed           |     3 |       |       ||     3
       Short sword       |    13 |       |       ||    13
       Dagger            |     7 |    31 |       ||    38
       Staff             |       |     4 |       ||     4
       Punch             |       |     1 |       ||     1
 Cast: Foxfire           |    49 |    18 |     7 ||    74
       Scorch            |     1 |    37 |    15 ||    53
       Flame Wave        |       |       |     1 ||     1
  Use: Potion            |       |     1 |     2 ||     3
       Scroll            |       |       |     1 ||     1
Armor: Robe              |    11 |    26 |     1 ||    38
Dodge: Dodged            |    14 |    29 |     7 ||    50
